 Dungeon Crawl Stone Soup version bcrawl-1.18.1 (webtiles) character file.

Game seed: 13406090336207274981

1316 Freyura the Twirler (level 8, -4/49 HPs)
             Began as a Gargoyle Gladiator on Nov 11, 2019.
             Was a Believer of Makhleb.
             Killed by divine providence
             ... invoked by an orc priest
              (12 damage)
             ... on level 6 of the Dungeon.
             The game lasted 00:26:52 (5525 turns).

Freyura the Twirler (Gargoyle Gladiator)            Turns: 5525, Time: 00:26:53

Health: -4/49      AC: 17    Str: 22    XL:     8   Next: 59%
Magic:  9/9        EV: 10    Int: 10    God:    Makhleb [**....]
Gold:   365        SH:  0    Dex: 13    Spells: 7/7 levels left

rFire    . . .     SeeInvis .   a - +2 quarterstaff
rCold    . . .     Gourm    .   (shield currently unavailable)
rNeg     + . .     Faith    .   j - +0 chain mail
rPois    ∞         Spirit   .   c - +0 helmet
rElec    +         Reflect  .   (no cloak)
rCorr    .         Harm     .   n - +0 pair of gloves
MR       .....                  (no boots)
Stlth    ..........             (no amulet)
HPRegen  0.16/turn              (no ring)
MPRegen  0.11/turn              (no ring)

@: mighty, about to teleport
A: negative energy resistance 1, electricity resistance, unbreathing,
petrification resistance, rot immunity, AC +5
a: Minor Destruction, Renounce Religion


You were on level 6 of the Dungeon.
You worshipped Makhleb.
Makhleb was pleased with you.
You were not hungry.

You visited 1 branch of the dungeon, and saw 6 of its levels.
You also visited: Sewer.

You collected 365 gold pieces.

Inventory:

Hand Weapons
 a - a +2 quarterstaff (weapon)
Missiles
 d - 3 throwing nets (quivered) {!f}
Armour
 c - a +0 helmet (worn)
 j - a +0 chain mail (worn)
 n - a +0 pair of gloves (worn)
 p - a +0 scale mail
Jewellery
 e - an uncursed amulet of magic regeneration
Scrolls
 g - 6 scrolls of teleportation
 h - 6 scrolls of remove curse
 k - a scroll of identify
 o - a scroll of blinking
 t - a scroll of fear
Potions
 b - a potion of might
 i - 2 potions of flight {unknown}
 l - 2 potions of curing
 m - a potion of berserk rage {unknown}
 q - a potion of haste
 r - a potion of heal wounds {unknown}
 s - a potion of agility {unknown}
 u - a potion of mutation {unknown}
Comestibles
 f - 8 rations {!d}


   Skills:
 + Level 5.2 Fighting
 * Level 7.0 Staves
 - Level 1.7 Throwing
 + Level 4.6 Armour
 + Level 4.4 Dodging
 + Level 1.4 Invocations


You had 7 spell levels left.
You didn't know any spells.
Your spell library contained the following spells:

 Spells                   Type           Power        Failure   Level  Hunger
 Flame Tongue             Conj/Fire      #....        97%         1    ##.....
 Flaming Arrows           Chrm/Fire      #.......     99%         2    ###....
 Conjure Flame            Conj/Fire      #.......     100%        3    ####...
 Inner Flame              Hex/Fire       N/A          100%        3    ####...
 Sticky Flame             Conj/Fire      #.......     100%        4    #####..
 Fireball                 Conj/Fire      #.........   100%        5    ######.


Dungeon Overview and Level Annotations

Branches:
Dungeon (6/12)
 Temple: D:4-7

Altars:
Makhleb
Xom

Shops:
D:4 *


Innate Abilities, Weirdness & Mutations

You are resistant to torment.
Your stone body is resilient. (AC +5)
You are immune to poison.
You resist negative energy. (rN+)
You are resistant to electric shocks. (rElec)
You can survive without breathing.
You are immune to petrification.
You are immune to rotting.


Message History

* * * LOW HITPOINT WARNING * * *
The orc warrior splashes around in the water.
The hound bites you but does no damage. The giant cockroach closely misses you.
The orc priest calls upon Beogh to heal the orc priest.
The orc priest is healed somewhat.
As you read the scroll of teleportation, it crumbles to dust.
You feel strangely unstable. The orc completely misses you. The rat bites you.
* * * LOW HITPOINT WARNING * * *
The hound closely misses you. The orc barely misses you.
The orc priest hits you with a +0 club.
* * * LOW HITPOINT WARNING * * *
The river rat bites you.
* * * LOW HITPOINT WARNING * * *
The giant cockroach bites you but does no damage.
The orc warrior barely misses you.
You feel better. The hound bites you but does no damage.
The orc hits you but does no damage. The rat bites you but does no damage.
The orc priest calls down the wrath of Beogh upon you.
Beogh smites you!
You die...

#........... ..
#.......... .##
#........# ..##
####........#####...#
....................#
...............$....#
.......<...[..oo≈...#
......[......≈soh≈..#
.............Sr@oo..#
........?.#..≈rooo.....
#..###........≈So......
#. ####......!.....#. .
..............#
#####....$.#....
#...#....... !..#
#....#.


You could see an orc warrior, a hound, 4 orc priests, an adder, a river rat, 4
orcs, a giant cockroach, a ball python and a rat.

Vanquished Creatures
  A hippogriff (D:5)
  A sky beast (D:4)
  A centaur (D:5)
  2 bullfrogs
  A scorpion (D:5)
  2 crimson imps (D:4)
  3 hounds
  3 orc wizards
  Natasha (thrice) (D:3)
  3 worker ants
  A hound zombie (D:5)
  Robin (D:4)
  13 adders
  A river rat (D:6)
  7 oozes (Sewer)
  An adder skeleton (D:5)
  6 worms
  2 dart slugs
  12 leopard geckos
  19 orcs
  8 bats
  14 giant cockroaches
  16 goblins
  5 hobgoblins
  6 jackals (D:3)
  2 quokkas
  12 ball pythons (Sewer)
  14 frilled lizards
  13 kobolds
  11 rats
184 creatures vanquished.

Notes
Turn   | Place    | Note
-------+----------+-------------------------------------------
     0 | D:1      | Freyura the Gargoyle Gladiator began the quest for the Orb.
     0 | D:1      | Reached XP level 1. HP: 12/12 MP: 1/1
   269 | D:1      | Reached XP level 2. HP: 17/18 MP: 2/2
   937 | D:2      | Reached XP level 3. HP: 15/22 MP: 3/3
   940 | D:2      | Reached skill level 1 in Armour
  1702 | D:2      | Reached XP level 4. HP: 27/27 MP: 4/4
  1890 | D:2      | Reached skill level 4 in Staves
  2230 | D:3      | Noticed Natasha
  2235 | D:3      | Killed Natasha
  2252 | D:3      | Reached XP level 5. HP: 31/32 MP: 5/5
  2434 | D:3      | Noticed Natasha
  2442 | D:3      | Killed Natasha
  2586 | D:3      | Noticed Natasha
  2601 | D:3      | Killed Natasha
  3103 | D:3      | Reached XP level 6. HP: 35/37 MP: 6/6
  3354 | D:4      | Found a shimmering altar of Xom.
  3355 | D:4      | Found a shimmering altar of Xom.
  3356 | D:4      | Found a shimmering altar of Xom.
  3356 | D:4      | Found a shimmering altar of Xom.
  3357 | D:4      | Found a shimmering altar of Xom.
  3371 | D:4      | Reached skill level 5 in Staves
  3517 | D:4      | Noticed a sky beast
  3548 | D:4      | Killed a sky beast
  3548 | D:4      | Reached XP level 7. HP: 27/42 MP: 7/7
  3678 | D:4      | Noticed Robin
  3698 | D:4      | Killed Robin
  4203 | D:4      | Found Iroll's General Store.
  4303 | D:5      | Entered Level 5 of the Dungeon
  4343 | D:5      | Noticed a hippogriff
  4359 | D:5      | Killed a hippogriff
  4359 | D:5      | Reached skill level 6 in Staves
  4359 | D:5      | Reached XP level 8. HP: 11/48 MP: 8/8
  4619 | D:5      | Found a burning altar of Makhleb.
  4624 | D:5      | Became a worshipper of Makhleb the Destroyer
  4809 | D:5      | Reached skill level 5 in Fighting
  5033 | D:6      | Found a glowing drain.
  5053 | Sewer    | Entered a sewer
  5271 | Sewer    | Reached * piety under Makhleb
  5358 | Sewer    | Reached skill level 1 in Invocations
  5478 | Sewer    | Reached ** piety under Makhleb
  5484 | Sewer    | Reached skill level 7 in Staves
  5525 | D:6      | Killed from afar by an orc priest

Skill      XL: |  1  2  3  4  5  6  7  8 |
---------------+-------------------------+-----
Armour         | 1 2 3 4 |  4.6
Staves         | 4 5 6 7 |  7.0
Fighting       | 3 4 5 |  5.2
Dodging        | 3 4 |  4.4
Invocations    | 1 |  1.4
Throwing       | |  1.7

Action                   |  1- 3 |  4- 6 |  7- 9 || total
-------------------------+-------+-------+-------++-------
Melee: Quarterstaff      |   136 |   209 |   305 ||   650
  Use: Scroll            |       |     8 |     3 ||    11
       Potion            |       |       |     2 ||     2
 Stab: Sleeping          |     1 |       |       ||     1
  Eat: Chunk             |     2 |     7 |     7 ||    16
Armor: Leather armour    |    43 |       |       ||    43
       Ring mail         |     8 |    71 |       ||    79
       Scale mail        |       |       |    38 ||    38
       Chain mail        |       |       |   252 ||   252
Dodge: Dodged            |   104 |   117 |   234 ||   455
